 Dungeon Crawl Stone Soup version 0.18-a0-1639-g7533f42 (webtiles) character file.

242 syage the Skirmisher (level 5, -5/42 HPs)
             Began as a Demonspawn Berserker on Mar 27, 2016.
             Was a Priest of Trog.
             Killed by nerve-wracking pain
             ... invoked by an orc priest
              (8 damage)
             ... on level 4 of the Dungeon.
             The game lasted 00:07:25 (2372 turns).

syage the Skirmisher (Demonspawn Berserker)         Turns: 2372, Time: 00:07:26

Health: -5/42      AC:  3    Str: 18    XL:     5   Next: 82%
Magic:  5/5        EV: 13    Int:  8    God:    Trog [***...]
Gold:   197        SH:  0    Dex: 13    Spells: 0 memorised, 4 levels left

rFire  x . .     SeeInvis .     k - +0 broad axe
rCold  + . .     Gourm    .     b - +1 animal skin
rNeg   . . .     Faith    .     (no shield)
rPois  .         Spirit   .     (helmet restricted)
rElec  .         Dismiss  +     (no cloak)
rCorr  .         Reflect  .     (no gloves)
SustAt .         Harm     .     (no boots)
MR     .....                    h - amulet of dismissal
Stlth  ++........               (no ring)
                                x - ring of ice

@: not resistant to hostile enchantments, unstealthy
A: antennae 1, spiny 1, rot immunity
a: Berserk, Trog's Hand, Burn Spellbooks, Renounce Religion


You were on level 4 of the Dungeon.
You worshipped Trog.
Trog was most pleased with you.
You were not hungry.

You visited 1 branch of the dungeon, and saw 4 of its levels.

You collected 197 gold pieces.

Inventory:

Hand Weapons
 a - a +0 hand axe
 k - a +0 broad axe (weapon)
 u - a +1 vampiric dagger
 y - a +1 flail of crushing
Missiles
 m - 8 tomahawks (quivered)
 v - 3 steel tomahawks
Armour
 b - a +1 animal skin (worn)
 F - a +0 scale mail
Jewellery
 h - an amulet of dismissal (around neck)
 j - a -3 ring of dexterity
 x - a ring of ice (left hand)
Wands
 l - a wand of flame (37/48)
Scrolls
 f - 3 scrolls of magic mapping
 i - 4 scrolls of identify {unknown}
 p - a scroll of immolation {unknown}
 B - a scroll of teleportation
 C - a scroll of amnesia {unknown}
Potions
 d - a potion of haste {unknown}
 e - a potion of might {unknown}
 g - a potion of mutation {unknown}
 n - a potion of agility {unknown}
 r - 2 potions of curing {unknown}
 t - a potion of beneficial mutation {unknown}
 w - a potion of resistance {unknown}
 z - a potion of invisibility {unknown}
 A - a potion of berserk rage {unknown}
 E - a potion of lignification {unknown}
Comestibles
 c - 2 bread rations
 o - 3 fruits
 q - a beef jerky
 s - a meat ration


   Skills:
 + Level 4.1 Fighting
 + Level 4.1 Axes
 + Level 2.0 Armour
 + Level 3.3 Dodging
 + Level 1.1 Stealth


You had 4 spell levels left.
You didn't know any spells.

Dungeon Overview and Level Annotations

Branches:
Dungeon (4/15)
 Temple: D:4-7

Altars:
Nemelex Xobeh
Ru
Vehumet


Innate Abilities, Weirdness & Mutations

You have a pair of small antennae on your head.
You are partially covered in sharp spines.
You are immune to rotting.


Message History

The orc wizard is struck by your spines.
You kill the orc wizard!
Trog accepts your kill.
Trog appreciates your killing of a magic user.
Your Stealth skill increases to level 1!
You hit the orc.
The orc is moderately wounded.
The orc is struck by your spines.
You kill the orc!
Trog accepts your kill.
The orc priest invokes the aid of Beogh against you.
Beogh smites you!
* * * LOW HITPOINT WARNING * * *
Items here: )) [[ † a club; a leather armour; a short sword of venom; a ring mail; an orc corpse You hit the orc priest but do no damage.
The orc priest is almost dead.
The orc priest invokes the aid of Beogh against you.
Pain shoots through your body!
You die...

.....
+......#
#.....##
#.....##
##+###......#
#...........#
#...........#
#...##.....##
#...#########
#.....@.....#
#...##o.....#
#...##......#
+...........#
#...........#
#...........#
#...#########
#...#


You could see an orc priest.

Vanquished Creatures
  2 orc wizards (D:4)
  Robin (D:2)
  6 adders
  3 worms
  4 dart slugs
  3 giant geckos
  14 orcs
  2 ball pythons
  4 bats
  5 giant cockroaches
  9 goblins
  13 hobgoblins
  8 jackals
  A quokka (D:2)
  2 giant newts
  9 kobolds
  4 rats (D:2)
90 creatures vanquished.

Notes
Turn   | Place    | Note
--------------------------------------------------------------
     0 | D:1      | syage the Demonspawn Berserker began the quest for the Orb.
     0 | D:1      | Reached XP level 1. HP: 18/18 MP: 1/1
   265 | D:1      | Gained mutation: You are partially covered in sharp spines. [demonic ancestry]
   265 | D:1      | Reached XP level 2. HP: 21/24 MP: 2/2
   945 | D:2      | Reached XP level 3. HP: 29/29 MP: 3/3
  1010 | D:2      | Reached ** piety under Trog
  1155 | D:2      | Gained mutation: You have a pair of small antennae on your head. [demonic ancestry]
  1155 | D:2      | Reached XP level 4. HP: 27/36 MP: 4/4
  1197 | D:2      | Noticed Robin
  1207 | D:2      | Killed Robin
  1647 | D:3      | Reached *** piety under Trog
  1857 | D:3      | Gained mutation: You are immune to rotting. [demonic ancestry]
  1857 | D:3      | Reached XP level 5. HP: 38/42 MP: 5/5
  1881 | D:3      | Found a sacrificial altar of Ru.
  2107 | D:3      | Found a sparkling altar of Nemelex Xobeh.
  2108 | D:3      | Found a radiant altar of Vehumet.
  2133 | D:3      | Found a faded altar to an unknown god.
  2369 | D:4      | Reached skill level 1 in Stealth
  2372 | D:4      | Killed from afar by an orc priest

Vault maps used:
D:1:      minmay_arrival_shoal_huts
D:2:      uniq_robin
D:3:      nicolae_ru_awakened_eye, nicolae_overflow_hidden_temple,
          ecumenical_altar_2, first_bread
D:4:      kennysheep_boxes

Skill      XL: |  1  2  3  4  5 |
---------------+----------------+-----
Axes           | 3 4 |  4.1
Dodging        | 2 3 |  3.3
Armour         | 2 |  2.0
Fighting       | 4 |  4.1
Stealth        | 1 |  1.1

Action                   |  1- 3 |  4- 6 || total
-------------------------+-------+-------++-------
Melee: Hand axe          |    35 |       ||    35
       Broad axe         |    24 |    67 ||    91
  Use: Scroll            |     6 |       ||     6
 Stab: Sleeping          |     1 |       ||     1
       Distracted        |       |     2 ||     2
  Eat: Chunk             |       |     5 ||     5
